 Dungeon Crawl Stone Soup version 0.27-a0-1308-gc08437e49b (console) character file.

Game seed: 15888057752430917823

1162 jejorda2 the Carver (level 8, 0/64 HPs)
             Began as a Merfolk Berserker on June 18, 2021.
             Was an Elder of Trog.
             Slain by Duvessa (5 damage)
             ... on level 6 of the Dungeon.
             The game lasted 00:11:22 (6644 turns).

jejorda2 the Carver (Merfolk Berserker)             Turns: 6644, Time: 00:11:23

Health: 0/64       AC:  9    Str: 20      XL:     8   Next: 40%
Magic:  8/8        EV:  8    Int:  6      God:    Trog [****..]
Gold:   384        SH:  0    Dex: 10 (13) Spells: 7/7 levels left

rFire    . . .     SeeInvis .   a - +1 falchion
rCold    + . .     Faith    .   (no shield)
rNeg     . . .     Spirit   .   f - +0 chain mail
rPois    .         Reflect  .   (no helmet)
rElec    .         Harm     .   (no cloak)
rCorr    .         Rampage  .   (no gloves)
Will     .....                  (no boots)
Stlth    ..........             (no amulet)
HPRegen  0.20/turn              h - ring of protection from cold
MPRegen  0.11/turn              (no ring)

@: on berserk cooldown, slowed, very slow
A: (nimble swimmer 2), mertail
a: Renounce Religion, Berserk, Trog's Hand, Brothers in Arms


You were on level 6 of the Dungeon.
You worshipped Trog.
Trog was greatly pleased with you.
You visited 1 branch of the dungeon, and saw 6 of its levels.
You also visited: Sewer.

You collected 384 gold pieces.

Inventory:

Hand Weapons
 a - a +1 falchion (weapon)
 l - a +3 flail of draining
Missiles
 n - 19 poisoned darts (quivered)
Armour
 f - a +0 chain mail (worn)
Jewellery
 h - a ring of protection from cold (left hand)
Wands
 e - a wand of iceblast (11)
Scrolls
 c - a scroll of blinking {unknown}
Potions
 b - a potion of lignification {unknown}
 g - a potion of berserk rage
 i - 2 potions of curing {unknown}
 j - a potion of might
 k - a potion of mutation
 m - a potion of heal wounds


   Skills:
 - Level 6.0 Fighting
 * Level 8.3 Long Blades
 + Level 3.9 Armour
 - Level 2.6 Dodging
 + Level 0.8 Evocations


You had 7 spell levels left.
You didn't know any spells.
Your spell library was empty.

Dungeon Overview and Level Annotations

Branches:
Dungeon (6/15)              Sewer (visited)
 Temple: D:4-7

Altars:
Hepliaklqana

Annotations:
D:4 1 runed translucent door, Demosthentine's ghost, amateur MfGl
D:6 Dowan; Duvessa; Eustachio


Innate Abilities, Weirdness & Mutations

((You are quick and stealthy near water. (Stealth+, EV+, Speed+++)))
Your lower body shifts to a powerful aquatic tail in water.


Message History

The gnoll hits you but does no damage.
The quasit bites you but does no damage.
The quasit claws you but does no damage.
The quasit barely misses you.
You hear a shout!
The iguana hisses angrily.
You hit the ice beast but do no damage.
The ice beast is lightly wounded.
Your surroundings suddenly seem different.
A gnoll comes into view. It is wielding a +0 flail.
The gnoll shouts!
An orc comes into view. It is wielding a +0 morningstar.
The orc shouts!
An orc priest comes into view. It is wielding a +0 short sword.
An orc wizard comes into view. It is wielding a +0 dagger.
The gnoll hits you but does no damage.
An orc comes into view. It is wielding a +0 club.
Found 17 gold pieces.
A gnoll comes into view. It is wielding a +0 spear.
The gnoll closely misses you. The gnoll hits you but does no damage.
The orc closely misses you.
You riposte.
You hit the orc.
The orc is heavily wounded.
The gnoll hits you but does no damage.
The orc wizard hits you but does no damage.
A gnoll shaman comes into view. It is wielding a +4 whip.
The gnoll shaman shouts!
The gnoll hits you but does no damage.
The gnoll shaman hits you with a +4 whip!
The gnoll hits you with a +0 flail!
You slash Duvessa!
Duvessa is moderately wounded.
The gnoll shaman completely misses you.
The orc priest invokes the aid of Beogh against you.
Beogh smites you!
* * * LOW HITPOINT WARNING * * *
The gnoll hits you but does no damage.
The orc wizard hits you with a +0 dagger.
* * * LOW HITPOINT WARNING * * *
The gnoll barely misses you.
You riposte.
You hit the gnoll but do no damage. Duvessa hits you with a +0 short sword.
You die...

.........######
..............#
#..............#
#......#.......##
#................
..$...........#
........g.....#
#####.##ooo....#
......e@g#.......
......##gl.######
#####.###5##
#<###.#
#.#####@e.#.#
#.......5g..#
.#####.#e#(#
#<#.#.# #.#.# .


You could see Duvessa, a gnoll shaman, an iguana, an orc priest, an orc wizard,
a quasit (summoned), 2 gnolls and an orc.

Vanquished Creatures
  Sigmund (D:2)
  A sky beast (D:5)
  An ogre (D:4)
  2 kobold brigands (Sewer)
  3 scorpions
  2 hounds
  An orc priest (D:4)
  Jessica (D:1)
  An iguana (D:5)
  An orc wizard (D:3)
  6 gnolls (D:4)
  9 adders
  9 river rats
  8 worms
  An adder skeleton (D:4)
  2 dart slugs
  7 orcs
  8 ball pythons
  13 endoplasms
  2 giant cockroaches
  6 hobgoblins
  4 jackals
  5 quokkas
  3 bats
  4 frilled lizards
  6 goblins
  5 kobolds
  13 rats
125 creatures vanquished.

Notes
Turn   | Place    | Note
-------+----------+-------------------------------------------
     0 | D:1      | jejorda2 the Merfolk Berserker began the quest for the Orb.
     0 | D:1      | Reached XP level 1. HP: 18/18 MP: 1/1
   295 | D:1      | Identified the Volume of Virous Curses
   362 | D:1      | Reached XP level 2. HP: 20/24 MP: 2/2
   437 | D:1      | Found a faded altar of an unknown god.
  1064 | D:2      | Noticed Sigmund
  1095 | D:2      | Noticed Jessica
  1112 | D:2      | Reached skill level 4 in Long Blades
  1112 | D:2      | Reached XP level 3. HP: 29/29 MP: 3/3
  1121 | D:1      | Killed Jessica
  1342 | D:2      | Reached XP level 4. HP: 33/37 MP: 4/4
  1575 | D:2      | Reached ** piety under Trog
  1734 | D:2      | Killed Sigmund
  1735 | D:2      | Reached skill level 5 in Long Blades
  1735 | D:2      | Reached XP level 5. HP: 9/43 MP: 5/5
  1735 | D:2      | Reached XP level 6. HP: 11/49 MP: 6/6
  2615 | D:3      | Reached skill level 6 in Long Blades
  3244 | D:4      | Reached skill level 5 in Fighting
  3251 | D:4      | Reached XP level 7. HP: 56/56 MP: 7/7
  3260 | D:4      | Reached *** piety under Trog
  3506 | D:4      | Reached skill level 7 in Long Blades
  3528 | D:4      | Found a glowing drain.
  3542 | Sewer    | Entered a sewer
  4685 | Sewer    | Reached XP level 8. HP: 51/64 MP: 8/8
  4972 | D:4      | Found a runed translucent door.
  4972 | D:4      | Noticed Demosthentine's ghost (amateur MfGl)
  5375 | D:5      | Entered Level 5 of the Dungeon
  5989 | D:5      | Reached skill level 8 in Long Blades
  6035 | D:5      | Found a hazy altar of Hepliaklqana.
  6379 | D:5      | Reached **** piety under Trog
  6622 | D:6      | Noticed Eustachio
  6629 | D:6      | Noticed Duvessa
  6629 | D:6      | Noticed Dowan
  6644 | D:6      | Slain by Duvessa

Illustrated notes

Levels and vault maps discovered:
D:1:      lightli_arrival_statue_moat, layout_basic,
          shapermc_ecumenical_altar_mp_highgroup, grunt_decor_junction,
          minmay_tromino_v2
D:2:      layout_rooms, uniq_jessica, uniq_sigmund
D:3:      layout_rooms, chequers_hall_statues_y
D:4:      layout_loops_cross, ebering_ghost_inner_flame,
          lightli_sewer_entry_pipes
D:5:      layout_basic, worldfamousw_hep_ancestral_shrine
D:6:      layout_loops_ring, uniq_duvessa, uniq_maggie, uniq_pikel,
          uniq_blork_the_orc, uniq_eustachio, uniq_grinder

Skill      XL: |  1  2  3  4  5  6  7  8 |
---------------+-------------------------+-----
Long Blades    | 4 5 6 7 8 |  8.3
Armour         | 2 3 |  3.9
Fighting       | 4 5 6 |  6.0
Dodging        | |  2.6
Evocations     | |  0.8

Action                   |  1- 3 |  4- 6 |  7- 9 || total
-------------------------+-------+-------+-------++-------
Melee: Falchion          |    79 |   141 |   302 ||   522
       Tailslap          |     1 |       |    25 ||    26
Throw: Throwing net      |       |       |     1 ||     1
       Dart              |       |       |     3 ||     3
Invok: Berserk           |     2 |     4 |     5 ||    11
       Trog's Hand       |       |     2 |     2 ||     4
  Use: Scroll            |       |     5 |     7 ||    12
Armor: Ring mail         |    24 |       |       ||    24
       Animal skin       |     3 |       |       ||     3
       Skin              |    38 |       |       ||    38
       Chain mail        |       |    67 |   133 ||   200
Dodge: Dodged            |    50 |    68 |   138 ||   256
       Rpst.: Falchion   |    16 |    26 |    38 ||    80

Table legend: (Time is in decaauts)
 A = Elapsed time spent in this place.
 B = Non-inter-level travel time spent in this place.
 C = Inter-level travel time spent in this place.
 D = Time resting spent in this place.
 E = Time spent auto-exploring this place.
 F = Levels seen in this place.
 G = Mean time per level.
                   A        B        C        D        E       F      G
               +--------+--------+--------+--------+--------+-----+--------+
         Total |   6577 |   6396 |    181 |    538 |   4621 |   7 |  939.6 |
       Dungeon |   5458 |   5277 |    181 |    276 |   3962 |   6 |  909.7 |
         Sewer |   1118 |   1118 |      0 |    261 |    658 |   1 | 1118.0 |
               +--------+--------+--------+--------+--------+-----+--------+

Top non-repeatable levels by time:
     D:1: 1515 daAuts
     D:5: 1237 daAuts
   Sewer: 1118 daAuts
     D:4: 1050 daAuts
     D:3: 912 daAuts
     D:2: 722 daAuts
     D:6: 20 daAuts
